 Dungeon Crawl Stone Soup version 0.28.0-45-g0d030f2227 (webtiles) character file.

Game seed: 13157811372924940934

194 crimpus the Skirmisher (level 5, 0/50 HPs)
             Began as a Minotaur Chaos Knight on Apr 17, 2022.
             Was an Initiate of Okawaru.
             Succumbed to an orange demon's poison
             ... on level 4 of the Dungeon.
             The game lasted 00:05:21 (4092 turns).

crimpus the Skirmisher (Minotaur Chaos Knight)      Turns: 4092, Time: 00:05:21

Health: 0/50       AC:  5    Str: 18    XL:     5   Next: 44%
Magic:  4/4        EV: 12    Int:  9    God:    Okawaru [......]
Gold:   145        SH:  0    Dex:  8    Spells: 4/4 levels left

rFire   . . .      SeeInvis .   k - +1 war axe
rCold   . . .      Faith    .   (no shield)
rNeg    . . .      Spirit   .   b - +2 leather armour
rPois   .          Reflect  .   (helmet restricted)
rElec   .          Harm     .   (no cloak)
rCorr   .          Rampage  .   (no gloves)
Will    .....                   (no boots)
Stlth   +.........              (no amulet)
HPRegen 0.16/turn               (no ring)
MPRegen 0.09/turn               (no ring)

@: lethally poisoned (0 -> -15)
A: horns 2, retaliatory headbutt, clumsy 1, screaming 1, sturdy frame 1
a: Renounce Religion


You were on level 4 of the Dungeon.
You worshipped Okawaru.
Okawaru was noncommittal.
You visited 2 branches of the dungeon, and saw 5 of its levels.

You collected 145 gold pieces.

Inventory:

Hand Weapons
 a - a +0 hand axe of chaos
 k - a +1 war axe (weapon)
Armour
 b - a +2 leather armour (worn)
 e - a +1 leather armour of fire resistance
Jewellery
 i - an amulet of magic regeneration
Wands
 d - a wand of iceblast (5)
Scrolls
 f - 2 scrolls of noise
Potions
 g - a potion of resistance
 j - a potion of brilliance


   Skills:
 + Level 6.0 Fighting
 - Level 3.9 Axes
 + Level 4.0 Armour
 + Level 2.5 Dodging


You had 4 spell levels left.
You didn't know any spells.
Your spell library was empty.

Dungeon Overview and Level Annotations

Branches:
Dungeon (4/15)             Temple (1/1) D:4

Altars:
Cheibriados
Dithmenos
Elyvilon
Gozag
Hepliaklqana
Makhleb
Nemelex Xobeh
Okawaru
Qazlal
Vehumet
Wu Jian
Xom
Zin


Innate Abilities, Weirdness & Mutations

You have a pair of horns on your head.
You reflexively headbutt those who attack you in melee.
You are clumsy. (Dex -2)
You occasionally shout uncontrollably at your foes.
Your movements are slightly less encumbered by armour. (ER -2)


Message History

The quasit bites you but does no damage.
The quasit claws you but does no damage. x2
The crimson imp hits you but does no damage.
The orange demon stings you.
You are poisoned.
The orange demon poisons you! The orange demon barely misses you.
The crimson imp closely misses you.
You're too confused to move!
You feel very sick. The quasit barely misses you.
The quasit claws you but does no damage.
The quasit closely misses you. The crimson imp barely misses you.
The orange demon stings you.
The orange demon hits you but does no damage.
The iron imp hits you. The crimson imp closely misses you.
The quasit barely misses you.
The quasit claws you but does no damage. x2
You barely miss the iron imp. Your headbutt misses the iron imp.
You closely miss the crimson imp. You closely miss the orange demon.
You completely miss the quasit. You miss the crimson imp.
You feel less confused.
* * * LOW HITPOINT WARNING * * *
You feel very sick.
The crimson imp hits you but does no damage.
The orange demon stings you!
* * * LOW HITPOINT WARNING * * *
The orange demon hits you but does no damage.
The shadow imp shouts, "Slither away, thou bawdy common-kissing guttersnipe!"
The crimson imp hits you but does no damage.
The quasit bites you but does no damage.
The quasit misses you. The quasit claws you.
* * * LOW HITPOINT WARNING * * *
The iron imp hits you but does no damage.
The crimson imp closely misses you.
You hit the iron imp.
The iron imp is lightly wounded.
You miss the crimson imp. You hit the orange demon. You miss the quasit.
You hit the crimson imp.
You die...
Xom cackles wildly!

########..##
..........##
........(..##
#
............#
#.
#......#....##
.#
##.....###...#
.# ###..#
##..# 5# ##.
#..###5# #.
#..55@5#
##.554##
######


You could see an orange demon (summoned), an iron imp (summoned), a quasit
(summoned), 2 crimson imps, a white imp (summoned), a shadow imp (summoned) and
an ufetubus (summoned).

Vanquished Creatures
  Ijyb (D:4)
  Robin (D:3)
  8 adders
  A worm (D:2)
  3 dart slugs
  9 orcs
  6 endoplasms
  2 giant cockroaches
  9 goblins (D:3)
  3 hobgoblins
  3 jackals (D:2)
  3 quokkas
  4 ball pythons
  6 bats
  2 frilled lizards
  5 kobolds
  3 rats
69 creatures vanquished.

Notes
Turn   | Place    | Note
-------+----------+-------------------------------------------
     0 | D:1      | crimpus the Minotaur Chaos Knight began the quest for the
                  | Orb.
     0 | D:1      | Reached XP level 1. HP: 19/19 MP: 0/0
    45 | D:1      | Found a faded altar of an unknown god.
   100 | D:1      | XOM: silly message
   188 | D:1      | XOM: divination: magic mapping
   318 | D:1      | Reached XP level 2. HP: 21/27 MP: 1/1
   388 | D:1      | Reached skill level 4 in Fighting
   833 | D:1      | XOM: divination: magic mapping
  1030 | D:2      | XOM: silly message
  1033 | D:2      | XOM: silly message
  1100 | D:2      | Reached XP level 3. HP: 24/34 MP: 2/2
  1826 | D:2      | Reached skill level 5 in Fighting
  1935 | D:2      | Reached XP level 4. HP: 42/42 MP: 3/3
  2149 | D:3      | XOM: silly message
  2188 | D:3      | XOM: silly message
  2212 | D:3      | Noticed Robin
  2229 | D:3      | Killed Robin
  3081 | D:3      | Gained mutation: You have a beak for a mouth. [potion of
                  | mutation]
  3081 | D:3      | Gained mutation: Your movements are slightly less
                  | encumbered by armour. (ER -2) [potion of mutation]
  3129 | D:4      | Noticed Ijyb
  3135 | D:4      | Reached XP level 5. HP: 29/50 MP: 4/4
  3345 | D:4      | Killed Ijyb
  3413 | D:4      | XOM: summons 4 hostile shadow creatures
  3509 | D:4      | Found a staircase to the Ecumenical Temple.
  3522 | Temple   | Entered the Ecumenical Temple
  3686 | Temple   | Fell from the grace of Xom
  3686 | Temple   | Became a worshipper of Warmaster Okawaru
  3751 | D:4      | Reached skill level 6 in Fighting
  3953 | D:4      | XOM: give mutations
  3953 | D:4      | Gained mutation: You occasionally shout uncontrollably at
                  | your foes. [Xom's mischief]
  3953 | D:4      | Lost mutation: You have a beak for a mouth. [Xom's
                  | mischief]
  3953 | D:4      | Gained mutation: You are clumsy. (Dex -2) [Xom's mischief]
  4085 | D:4      | XOM: summons 8 hostile demons
  4086 | D:4      | Noticed an orange demon
  4092 | D:4      | Succumbed to an orange demon's poison

Illustrated notes

Levels and vault maps discovered:
D:1:      co_arrival_square_in_a_square_in_a_square, layout_basic,
          chequers_ecumenical_altar_simple_redux, minmay_tree_intersection,
          minmay_misc_feat_roman
D:2:      layout_rooms
D:3:      layout_basic, uniq_robin
D:4:      layout_layer_cave, minmay_temple_entry_grid, serial_rivers,
          chequers_serial_rivers_micro_d, chequers_serial_rivers_small_b,
          chequers_serial_rivers_small_3, chequers_serial_rivers_marsh,
          uniq_ijyb
Temple:   nicolae_temple_figure_eight

Skill      XL: |  1  2  3  4  5 |
---------------+----------------+-----
Fighting       | 4 5 6 |  6.0
Armour         | 3 4 |  4.0
Dodging        | 2 |  2.5
Axes           | |  3.9

Action                   |  1- 3 |  4- 6 || total
-------------------------+-------+-------++-------
Melee: Hand axe          |    41 |       ||    41
       Headbutt          |     6 |    11 ||    17
       War axe           |    16 |    97 ||   113
       Peck              |       |     6 ||     6
  Use: Scroll            |     6 |     2 ||     8
       Potion            |     1 |     7 ||     8
 Stab: Sleeping          |       |     1 ||     1
Armor: Leather armour    |    14 |    52 ||    66
Dodge: Dodged            |    32 |    88 ||   120
